 Dungeon Crawl Stone Soup version 0.29.1-13-g9f3cf754e1 (webtiles) character file.

Game seed: 7015412069997097883

52 xian the Shooter (level 3, -1/22 HPs)
             Began as a Tengu Arcane Marksman on Jan 29, 2023.
             Slain by an adder (2 damage)
             ... on level 3 of the Dungeon.
             The game lasted 00:05:11 (2024 turns).

xian the Shooter (Tengu Arcane Marksman)            Turns: 2024, Time: 00:05:12

Health: -1/22      AC: 10    Str: 12    XL:     3   Next: 85%
Magic:  4/5        EV:  7    Int: 13    God:
Gold:   162        SH:  0    Dex: 14    Spells: 3/4 levels left

rFire   . . .      SeeInvis .   a - +1 sling
rCold   . . .      Faith    .   (no shield)
rNeg    . . .      Spirit   .   h - +0 plate armour
rPois   .          Reflect  .   (helmet restricted)
rElec   .          Harm     .   (no cloak)
rCorr   .          Rampage  .   (no gloves)
Will    .....                   (boots unavailable)
Stlth   ..........              (no amulet)
HPRegen 0.07/turn               m - +4 ring of evasion
MPRegen 0.09/turn               (no ring)

@: mighty, lethally poisoned (-1 -> -4), attractive, very slightly contaminated,
studying Transmutations
A: beak, talons 3, robust 1, wild magic 1
a: no special abilities


You were on level 3 of the Dungeon.
You visited 1 branch of the dungeon, and saw 3 of its levels.

You collected 162 gold pieces.

Inventory:

Hand Weapons
 a - a +1 sling (weapon)
 j - a +1 whip of electrocution
Missiles
 e - 9 poisoned darts
Armour
 c - a +0 robe
 h - a +0 plate armour (worn)
Jewellery
 m - a +4 ring of evasion (left hand)
Scrolls
 b - a scroll of poison
 f - 2 scrolls of enchant weapon {unknown}
 k - 2 scrolls of teleportation {unknown}
 l - 5 scrolls of identify {unknown}
 n - a scroll of summoning {unknown}


   Skills:
 + Level 1.3 Fighting
 + Level 3.4 Ranged Weapons
 + Level 0.1 Armour
 + Level 2.3 Dodging
 + Level 1.0 Spellcasting
 + Level 2.7 Hexes


You had 3 spell levels left.
You knew the following spells:

 Your Spells              Type           Power      Damage    Failure   Level
a - Slow                  Hex            40%        N/A       100%        1

Your spell library contained the following spells:

 Spells                   Type           Power      Damage    Failure   Level
 Shock                    Conj/Air       0%         1d3       100%        1
 Inner Flame              Hex/Fire       5%         N/A       100%        3
 Portal Projectile        Hex/Tloc       10%        N/A       100%        3
 Swiftness                Air            0%         N/A       100%        3
 Airstrike                Air            0%         2d(0-16)  100%        4
 Cause Fear               Hex            5%         N/A       100%        4


Dungeon Overview and Level Annotations

Branches:
Dungeon (3/15)

Altars:
Wu Jian


Innate Abilities, Weirdness & Mutations

You have a beak for a mouth.
You have claws for feet.
You are robust. (+10% HP)
Your spells are a little harder to cast, but a little more powerful.


Message History

The adder is heavily wounded.
The adder bites you but does no damage. The kobold hits you but does no damage.
The adder barely misses you. The kobold hits you but does no damage.
You shoot a sling bullet.
The sling bullet barely misses the adder.
The adder bites you but does no damage. The kobold closely misses you.
The adder bites you.
You are poisoned.
The adder poisons you! The kobold hits you but does no damage.
The adder barely misses you. The adder attacks as you move away!
The adder bites you.
You feel sick.
Okay, then.
Casting: Slow (safe; 100% risk of failure)
Confirm with . or Enter, or press ? or * to list all spells.
Aiming: Slow (safe; 100% risk of failure)
Press: ? - help, Shift-Dir - straight line, f/p - adder
Aim: an adder (heavily wounded, chance to affect: 52%)
You miscast Slow.
You are very lightly contaminated with residual magic.
Nothing appears to happen.
You feel sick. The adder barely misses you. The kobold barely misses you.
The adder bites you.
* * * LOW HITPOINT WARNING * * *
You are lethally poisoned!
The adder poisons you!
It was a potion of attraction.
You feel attractive to monsters.
* * * LOW HITPOINT WARNING * * *
You feel sick. The kobold hits you but does no damage.
The adder bites you but does no damage.
Unknown command.
It was a potion of might.
You feel very mighty all of a sudden.
* * * LOW HITPOINT WARNING * * *
You feel sick. The kobold hits you but does no damage.
The adder bites you but does no damage.
It was a potion of mutation.
You feel extremely strange.
You feel robust.
You feel less in control of your magic.
* * * LOW HITPOINT WARNING * * *
You feel sick. The adder bites you.
You die...

#).....!....#
#..)........#
#...........#
#...........#
..?.........#
............#
.......†K...#
.......@S...#
..#######.#.#
... .....
.....#
.......
.....##
######


You could see an adder and a kobold.

Vanquished Creatures
  An adder (D:2)
  2 dart slugs
  2 ball pythons (D:1)
  3 bats (D:2)
  4 endoplasms
  3 giant cockroaches
  4 goblins
  2 hobgoblins
  2 jackals (D:1)
  3 kobolds
  A quokka (D:1)
  5 frilled lizards
  5 rats
37 creatures vanquished.

Notes
Turn   | Place    | Note
-------+----------+-------------------------------------------
     0 | D:1      | xian the Tengu Arcane Marksman began the quest for the Orb.
     0 | D:1      | Reached XP level 1. HP: 12/12 MP: 3/3
   124 | D:1      | Reached XP level 2. HP: 16/16 MP: 4/4
  1022 | D:1      | Reached XP level 3. HP: 20/20 MP: 5/5
  1281 | D:2      | Reached skill level 3 in Ranged Weapons
  1533 | D:2      | Found a faded altar of an unknown god.
  1657 | D:2      | Found an ornate altar of the Wu Jian Council.
  2024 | D:3      | Gained mutation: You are robust. (+10% HP) [potion of
                  | mutation]
  2024 | D:3      | Gained mutation: Your spells are a little harder to cast,
                  | but a little more powerful. [potion of mutation]
  2024 | D:3      | HP: 1/22 [poisoned by an adder]
  2024 | D:3      | Slain by an adder

Illustrated notes

Levels and vault maps discovered:
D:1:      minmay_arrival_stair_chambers, layout_loops_corners,
          corexii_corridor_pit
D:2:      layout_basic, hellmonk_ecumenical_altar_run_dry, basic_altar,
          eino_tiny_chamber
D:3:      layout_basic, uniq_crazy_yiuf_cottage

Skill      XL: |  1  2  3 |
---------------+----------+-----
Ranged Weapons | 3 |  3.4
Fighting       | |  1.3
Armour         | |  0.1
Dodging        | |  2.3
Spellcasting   | |  1.0
Hexes          | |  2.7

Action                   || total
-------------------------++-------
 Fire: Sling             ||   111
 Cast: Slow              ||     1
  Use: Potion            ||     3
Armor: Robe              ||     1
       Plate armour      ||    63
Dodge: Dodged            ||    39
